 Dungeon Crawl Stone Soup version 0.16.2-12-gd0ad4c3 (webtiles) character file.

629 Charly the Cleaver (level 7, -1/58 HPs)
             Began as a Deep Dwarf Gladiator on Aug 1, 2016.
             Was an Initiate of Makhleb.
             Slain by an ogre
             ... wielding a +0 giant club
              (27 damage)
             ... on level 8 of the Dungeon.
             The game lasted 00:11:33 (666 turns).

Charly the Cleaver (Deep Dwarf Gladiator)            Turns: 666, Time: 00:11:34

Health: -1/58      AC:  6    Str: 18    XL:     7   Next: 23%
Magic:  7/7        EV: 12    Int: 11    God:    Makhleb [......]
Gold:   142        SH:  0    Dex: 15    Spells: 0 memorised, 6 levels left

rFire  . . .     SeeInvis .     a - +0 war axe
rCold  . . .     Clarity  .     o - +0 ring mail (curse)
rNeg   . . .     SustAb   .     (no shield)
rPois  .         Gourm    .     c - +0 helmet
rElec  .         Spirit   .     (no cloak)
rCorr  .         Warding  .     (no gloves)
rMut   .         Stasis   .     (no boots)
MR     +....                    (no amulet)
Stlth  +.........               (no ring)
                                j - +2 ring of intelligence

@: non-regenerating, somewhat resistant to hostile enchantments, very unstealthy
A: damage resistance, recharge devices, sense surroundings 1, slow healing 3
a: Device Recharging, Renounce Religion


You were on level 8 of the Dungeon.
You worshipped Makhleb.
Makhleb was noncommittal.
You were full.

You visited 2 branches of the dungeon, and saw 9 of its levels.

You collected 142 gold pieces.

Inventory:

Hand weapons
 a - a +0 war axe (weapon)
Missiles
 p - 16 poisoned needles
Armour
 b - a +0 leather armour
 c - a +0 helmet (worn)
 m - a +0 ring mail
 o - a cursed +0 ring mail (worn)
Jewellery
 j - a +2 ring of intelligence (left hand)
Magical devices
 e - a wand of heal wounds (4)
Scrolls
 k - a scroll of noise {unknown}
Potions
 g - a potion of might {unknown}
 h - 2 potions of agility
 i - a potion of berserk rage {unknown}
 l - a potion of restore abilities {unknown}
 n - a potion of brilliance {unknown}
Comestibles
 f - 2 bread rations


   Skills:
 - Level 1.7 Fighting
 + Level 9.3 Axes
 - Level 1.7 Throwing
 - Level 3.2 Dodging


You had 6 spell levels left.
You didn't know any spells.

Dungeon Overview and Level Annotations

Branches:
Dungeon (8/15)             Temple (1/1) D:5
   Lair: D:8-11

Altars:
Elyvilon
Fedhas
Kikubaaqudgha
Makhleb
Nemelex Xobeh
Okawaru
Ru
Sif Muna
Vehumet
Xom
Yredelemnul

Annotations:
D:3 Sigmund


Innate Abilities, Weirdness & Mutations

You are resistant to damage.
You can recharge devices by infusing magical energy.
You passively map a small area around you.
You do not heal naturally.


Message History

Found a dwarf skeleton.
You see here 14 gold pieces.
You now have 142 gold pieces (gained 14).
Found a ring mail.
Found a human skeleton.
Found an orc skeleton.
An ogre comes into view. It is wielding a giant club.
The ogre shouts!
Found a throwing net, 3 bread rations and 6 beef jerkies.
Throwing (i - inventory):
d - a throwing net (quivered)
Press: ? - help, Shift-Dir - straight line, f - ogre
Aim: an ogre, wielding a giant club You throw a throwing net.
The throwing net barely misses the ogre.
The ogre hits you with a giant club.
You barely miss the ogre. The ogre closely misses you.
You hit the ogre.
The ogre is lightly wounded.
The ogre hits you with a giant club!!
You die...

* #.#.., #
#.#.####.#
#(#....#.#
#........#
######.....######
#%%÷##...........
#.§÷##..)....###.
, #%O.##....####
*##@##.[..######.
* ,
*#.####..........#
, ##.#
##.#.#######
,#.##.###.#.#.#
,,, *#..÷....#.#.#
# * * , ,
#......##.#.#.#
*#.........#...#.#
* *
*#...............#
#......##########


You could see an ogre.

Vanquished Creatures
  A two-headed ogre (D:8)
  An eye of draining (D:7)
  An ogre (D:8)
  A crimson imp (D:7)
  4 orc priests (D:7)
  An orc wizard (D:7)
  A killer bee zombie (D:5)
  A worker ant zombie (D:5)
  An adder (D:3)
  A worm (D:3)
  An adder skeleton (D:7)
  3 orcs (D:7)
  A giant cockroach (D:3)
  A goblin (D:7)
  2 hobgoblins
  A ball python (D:1)
  A bat (D:3)
  A giant gecko (D:1)
  A giant newt (D:3)
  5 kobolds
30 creatures vanquished.

Notes
Turn   | Place    | Note
--------------------------------------------------------------
     0 | D:1      | Charly, the Deep Dwarf Gladiator, began the quest for the Orb.
     0 | D:1      | Reached XP level 1. HP: 19/19 MP: 1/1
   144 | D:3      | Reached skill level 4 in Axes
   144 | D:3      | Reached XP level 2. HP: 12/26 MP: 2/2
   229 | D:3      | Noticed Sigmund
   260 | D:5      | Entered Level 5 of the Dungeon
   262 | D:5      | Found a staircase to the Ecumenical Temple.
   275 | D:5      | Reached XP level 3. HP: 20/32 MP: 3/3
   294 | Temple   | Entered the Ecumenical Temple
   315 | Temple   | Became a worshipper of Makhleb the Destroyer
   356 | D:5      | Reached skill level 5 in Axes
   403 | D:7      | Reached XP level 4. HP: 39/39 MP: 4/4
   419 | D:7      | Reached skill level 6 in Axes
   419 | D:7      | Reached XP level 5. HP: 34/45 MP: 5/5
   505 | D:7      | Reached skill level 7 in Axes
   551 | D:7      | Noticed an eye of draining
   566 | D:7      | Killed an eye of draining
   566 | D:7      | Reached XP level 6. HP: 25/52 MP: 0/6
   622 | D:8      | Reached skill level 8 in Axes
   632 | D:8      | Noticed a two-headed ogre
   641 | D:8      | Killed a two-headed ogre
   641 | D:8      | Reached skill level 9 in Axes
   641 | D:8      | Reached XP level 7. HP: 31/58 MP: 7/7
   666 | D:8      | Slain by an ogre

Action                   |  1- 3 |  4- 6 |  7- 9 || total
-------------------------+-------+-------+-------++-------
Melee: War axe           |    58 |    50 |     2 ||   110
Throw: Throwing net      |     7 |     2 |     1 ||    10
Evoke: Wand              |     2 |     3 |       ||     5
  Use: Scroll            |     2 |       |       ||     2
 Stab: Held in net/web   |     2 |     1 |       ||     3
  Eat: Fruit             |     2 |     3 |       ||     5
